 Dungeon Crawl Stone Soup version 0.30-a0-830-gfe289a77b0 (webtiles) character file.

Game seed: 15500982633555042992

3133 demibob the Tainter (level 9, -3/57 HPs)
             Began as a Demonspawn Venom Mage on Mar 1, 2023.
             Was a Follower of Sif Muna.
             Slain by a vampire mosquito (6 damage)
             ... on level 7 of the Dungeon.
             The game lasted 00:16:25 (6178 turns).

demibob the Tainter (Demonspawn Venom Mage)         Turns: 6178, Time: 00:16:26

Health: -3/57      AC:  6    Str:  8    XL:     9   Next: 61%
Magic:  15/18      EV: 12    Int: 20    God:    Sif Muna [*.....]
Gold:   1336       SH:  0    Dex: 15    Spells: 12/20 levels left

rFire   . . .      SeeInvis .      - Unarmed
rCold   . . .      Faith    .    (no shield)
rNeg    . . .      Spirit   .    a - +1 robe
rPois   +          Reflect  .    (no helmet)
rElec   .          Harm     .    f - +2 cloak {rPois}
rCorr   .          Rampage  .    (gloves unavailable)
Will    .....                    (no boots)
Stlth   ++                       l - amulet of regeneration
HPRegen 1.09/turn                (no ring)
MPRegen 0.16/turn                (no ring)

@: no status effects
A: claws 3, powered by death 2
a: Renounce Religion, Channel Magic


You were on level 7 of the Dungeon.
You worshipped Sif Muna.
Sif Muna was aware of your devotion.
You visited 1 branch of the dungeon, and saw 7 of its levels.

You collected 1336 gold pieces.


Innate Abilities, Weirdness & Mutations

You have claws for hands.
You regenerate health from kills.


   Skills:
 - Level 1.7 Dodging
 - Level 1.7 Stealth
 + Level 8.0 Unarmed Combat
 - Level 6.0 Spellcasting
 - Level 1.0 Conjurations
 - Level 0.8 Transmutations
 - Level 1.5 Air Magic
 + Level 8.4 Poison Magic


You had 12 spell levels left.
You knew the following spells:

 Your Spells              Type           Power      Damage    Failure   Level
m - Mephitic Cloud        Conj/Pois/Air  20%        N/A       7%          3
o - Olgreb's Toxic Radia  Pois           39%        N/A       3%          4
z - Sting                 Tmut/Pois      96%        1d7       1%          1

Your spell library contained the following spells:

 Spells                   Type           Power      Damage    Failure   Level
 Poisonous Vapours        Pois/Air       50%        N/A       1%          2
 Momentum Strike          Conj/Tloc      16%        3d8       13%         2
 Blink                    Tloc           12%        N/A       16%         2
 Lesser Beckoning         Tloc           12%        N/A       16%         2

Inventory:

Missiles
 c - 2 throwing nets {=f}
Armour
 a - a +1 robe (worn)
 f - a +2 cloak of poison resistance (worn)
 i - a +0 helmet
 j - a +0 helmet
Jewellery
 e - a +5 ring of evasion
 k - an amulet of faith {!P}
 l - an amulet of regeneration (around neck)
 s - a +6 ring of strength
 E - a +5 ring of evasion
 S - a +6 ring of strength
Wands
 m - a wand of charming (5)
 n - a wand of flame (16)
Scrolls
 g - a scroll of brand weapon {unknown}
 h - 2 scrolls of torment
 p - a scroll of identify {@r1}
 q - a scroll of fear
 u - 4 scrolls of magic mapping
Potions
 b - a potion of magic
 d - 2 potions of attraction
 o - 2 potions of haste {@q3}
 r - a potion of cancellation {unknown}
 v - a potion of resistance

Dungeon Overview and Level Annotations

Branches:
Dungeon (7/15)             Temple (0/1) D:7

Altars:
Dithmenos
Fedhas
Makhleb
Qazlal
Sif Muna

Shops:
D:5

( #.....# ##### #....
#.....###...######....
#.....##.▒▒..##.......
#.###...#.▒▒▒▒....##....
#........▒▒▒...▒..##....
#####....▒....▒.▒.#####.
...#####..▒▒..⌠.)▒▒.# #.
......y.y.▒.▒...▒ ▒.# #.
.######yy@..▒▒.▒ ..# #.
##...▒▒▒. ..# ###.
#.>..▒8. ..###...
...▒▒▒.. ....... ..▒▒▒
▒.▒▒..▒ ▒▒. ▒▒▒▒.▒▒ ..
8..... ... ...... ......


You could see 4 vampire mosquitoes.


Message History

The vampire mosquito draws strength from your injuries!
You barely miss the vampire mosquito. Your claw misses the vampire mosquito.
The vampire mosquito is severely damaged.
The vampire mosquito closely misses you.
The vampire mosquito bites you.
* * * LOW HITPOINT WARNING * * *
The vampire mosquito draws strength from your injuries!
The vampire mosquito bites you but does no damage.
You claw the vampire mosquito!
The vampire mosquito is heavily damaged.
The vampire mosquito closely misses you. x4
You miss the vampire mosquito.
The vampire mosquito is heavily damaged.
The vampire mosquito bites you but does no damage. x2
The vampire mosquito bites you!
* * * LOW HITPOINT WARNING * * *
The vampire mosquito draws strength from your injuries!
The vampire mosquito bites you!
* * * LOW HITPOINT WARNING * * *
The vampire mosquito draws strength from your injuries!
The vampire mosquito bites you but does no damage.
The vampire mosquito bites you.
* * * LOW HITPOINT WARNING * * *
The vampire mosquito draws strength from your injuries!
The vampire mosquito attacks as you move away!
The vampire mosquito bites you!
* * * LOW HITPOINT WARNING * * *
The vampire mosquito draws strength from your injuries!
The vampire mosquito bites you.
You die...

Skill      XL: |  1  2  3  4  5  6  7  8  9 |
---------------+----------------------------+-----
Spellcasting   | 3 4 6 |  6.0
Poison Magic   | 4 5 6 8 |  8.4
Air Magic      | 1 |  1.5
Conjurations   | 1 |  1.0
Unarmed Combat | 1 3 4 6 8 |  8.0
Dodging        | |  1.7
Stealth        | |  1.7
Transmutations | |  0.8

Action                     |  1- 3 |  4- 6 |  7- 9 || total
---------------------------+-------+-------+-------++-------
  Melee: Unarmed           |    35 |   125 |   183 ||   343
         Punch             |       |       |    11 ||    11
   Cast: Sting             |    71 |    67 |    28 ||   166
         Mephitic Cloud    |       |       |    23 ||    23
         Olgreb's Toxic Ra |       |       |    15 ||    15
  Evoke: Wand              |       |     3 |       ||     3
    Use: Scroll            |     5 |     8 |     3 ||    16
         Potion            |       |     3 |     4 ||     7
   Stab: Invisible         |       |       |     3 ||     3
         Confused          |       |       |    10 ||    10
 Armour: Robe              |    10 |    48 |    53 ||   111
  Dodge: Dodged            |    36 |    92 |   111 ||   239

Levels and vault maps discovered:
D:1:      onia_arrival_mini_maze_b, layout_basic
D:2:      layout_loops_ring, minmay_rat_gold_closets, uniq_crazy_yiuf_cottage,
          uniq_terence
D:3:      layout_rooms, nicolae_ecumenical_pavilion, uniq_robin
D:4:      layout_loops_cross, nicolae_dithmenos_shadow_blocks, zin_scriptorium
D:5:      layout_cave_pools, nicolae_overflow_quartered_altars, serial_shops,
          nicolae_shop_bloodbath_and_beyond, minmay_pentangle, uniq_edmund,
          uniq_sigmund, uniq_grinder
D:6:      layout_basic, sigmund_army
D:7:      hellmonk_crumbling_castle, layout_rooms,
          lemuel_zombie_altar_kikubaaqudgha, minmay_temple_entry_stoned_glass

Notes
Turn   | Place    | Note
-------+----------+-------------------------------------------
     0 | D:1      | demibob the Demonspawn Venom Mage began the quest for the
                  | Orb.
     0 | D:1      | Reached XP level 1. HP: 13/13 MP: 3/3
   320 | D:1      | Gained mutation: You have sharp fingernails. [demonic
                  | ancestry]
   320 | D:1      | Reached XP level 2. HP: 19/19 MP: 3/5
  1297 | D:2      | Gained mutation: You have very sharp fingernails. [demonic
                  | ancestry]
  1297 | D:2      | Reached XP level 3. HP: 24/24 MP: 5/7
  1837 | D:2      | Noticed Terence
  1849 | D:2      | Killed Terence
  1850 | D:2      | Reached skill level 3 in Spellcasting
  1850 | D:2      | Reached skill level 4 in Poison Magic
  2110 | D:3      | Learned a level 3 spell: Mephitic Cloud
  2136 | D:3      | Reached XP level 4. HP: 29/30 MP: 3/8
  2182 | D:3      | Found a faded altar of an unknown god.
  2190 | D:3      | Reached skill level 1 in Air Magic
  2351 | D:2      | Gained mutation: You have claws for hands. [demonic
                  | ancestry]
  2351 | D:2      | Reached XP level 5. HP: 35/35 MP: 6/9
  2485 | D:3      | Reached skill level 1 in Conjurations
  2557 | D:3      | Noticed Robin
  2596 | D:3      | Identified a scroll of acquirement
  2596 | D:3      | Acquired a +2 cloak of poison resistance
  2699 | D:3      | Killed Robin
  2728 | D:3      | Reached skill level 1 in Unarmed Combat
  2728 | D:3      | Reached skill level 5 in Poison Magic
  3035 | D:4      | Noticed an ogre
  3043 | D:4      | Killed an ogre
  3044 | D:4      | Gained mutation: You regenerate a little health from kills.
                  | [demonic ancestry]
  3044 | D:4      | Reached XP level 6. HP: 41/41 MP: 7/10
  3152 | D:4      | Found a shadowy altar of Dithmenos.
  3180 | D:4      | Reached skill level 2 in Unarmed Combat
  3815 | D:5      | Entered Level 5 of the Dungeon
  3815 | D:5      | Noticed Grinder
  3838 | D:5      | Killed Grinder
  3839 | D:5      | Reached skill level 3 in Unarmed Combat
  3839 | D:5      | Reached skill level 6 in Poison Magic
  3839 | D:5      | Reached XP level 7. HP: 29/46 MP: 7/11
  3895 | D:5      | Noticed Edmund
  3922 | D:4      | Reached skill level 4 in Unarmed Combat
  3938 | D:4      | Killed Edmund
  3939 | D:4      | Reached skill level 4 in Spellcasting
  4042 | D:5      | Gained mutation: You regenerate health from kills. [demonic
                  | ancestry]
  4042 | D:5      | Reached XP level 8. HP: 52/52 MP: 3/14
  4046 | D:5      | Noticed Sigmund
  4054 | D:5      | Killed Sigmund
  4055 | D:5      | Reached skill level 5 in Unarmed Combat
  4055 | D:5      | Reached skill level 5 in Spellcasting
  4219 | D:5      | Found a stormy altar of Qazlal.
  4441 | D:5      | Reached skill level 6 in Unarmed Combat
  4450 | D:5      | Reached skill level 6 in Spellcasting
  4532 | D:4      | Learned a level 4 spell: Olgreb's Toxic Radiance
  4556 | D:5      | Identified the +1 robe of Grace {Str+2}
  4759 | D:5      | Found Ucipnuj's Weapon Shop.
  4809 | D:5      | Acquired 999 gold pieces
  4821 | D:5      | Found a burning altar of Makhleb.
  4823 | D:5      | Found a shimmering blue altar of Sif Muna.
  4834 | D:5      | Found a blossoming altar of Fedhas.
  5048 | D:5      | Became a worshipper of Sif Muna the Loreminder
  5142 | D:6      | Reached XP level 9. HP: 57/57 MP: 10/18
  5413 | D:6      | Reached skill level 7 in Poison Magic
  5416 | D:6      | Reached skill level 7 in Unarmed Combat
  5989 | D:7      | Reached * piety under Sif Muna
  5990 | D:7      | Noticed a troll
  5997 | D:7      | Killed a troll
  5998 | D:7      | Reached skill level 8 in Poison Magic
  6000 | D:7      | Found a staircase to the Ecumenical Temple.
  6134 | D:7      | Reached skill level 8 in Unarmed Combat
  6178 | D:7      | HP: 2/57 [vampire mosquito (7)]
  6178 | D:7      | Slain by a vampire mosquito

Vanquished Creatures
  A troll (D:7)
  Grinder (D:5)
  Sigmund (D:5)
  Edmund (D:4)
  2 water moccasins
  3 black bears
  An ice beast (D:5)
  4 ogres
  2 centaurs
  3 bullfrogs
  A necrophage (D:5)
  6 scorpions
  A howler monkey (D:5)
  A jelly (D:5)
  3 orc priests
  4 hounds
  3 iguanas
  A gnoll bouda (D:5)
  Terence (D:2)
  4 orc wizards
  Robin (D:3)
  5 gnolls (D:5)
  7 adders
  A shadow imp (D:5)
  2 white imps (D:7)
  An ufetubus (D:6)
  5 dart slugs
  16 orcs
  4 bats
  5 endoplasms
  4 giant cockroaches
  13 goblins
  11 hobgoblins
  4 quokkas
  6 ball pythons
  4 frilled lizards
  3 kobolds (D:1)
  13 rats
149 creatures vanquished.

Vanquished Creatures (others)
  A goblin (D:3)
1 creature vanquished.

Grand Total: 150 creatures vanquished

Table legend: (Time is in decaauts)
 A = Elapsed time spent in this place.
 B = Non-inter-level travel time spent in this place.
 C = Inter-level travel time spent in this place.
 D = Time resting spent in this place.
 E = Time spent auto-exploring this place.
 F = Levels seen in this place.
 G = Mean time per level.
                   A        B        C        D        E       F      G
               +--------+--------+--------+--------+--------+-----+--------+
         Total |   6144 |   5894 |    250 |    503 |   4215 |   7 |  877.7 |
       Dungeon |   6144 |   5894 |    250 |    503 |   4215 |   7 |  877.7 |
               +--------+--------+--------+--------+--------+-----+--------+

Top non-repeatable levels by time:
     D:1: 1215 daAuts
     D:4: 1118 daAuts
     D:2: 1055 daAuts
     D:5: 978 daAuts
     D:6: 779 daAuts
     D:3: 683 daAuts
     D:7: 315 daAuts

Table legend:
 A = Non-vault XP
 B = Vault XP
 C = Vault XP percentage of total XP
 D = Non-vault monster count
 E = Vault monster count
 F = Vault count percentage of total count
                 A         B        C        D         E       F
            +---------+---------+-------+---------+---------+-------
      Total |    3148 |    1329 |  29.7 |     112 |      37 |  24.8
            +---------+---------+-------+---------+---------+-------
        D:1 |      38 |       0 |   0.0 |      23 |       0 |   0.0
        D:2 |      18 |      44 |  71.0 |       9 |       9 |  50.0
        D:3 |     189 |      32 |  14.5 |      22 |      10 |  31.2
        D:4 |     279 |     157 |  36.0 |      16 |       1 |   5.9
        D:5 |     874 |    1084 |  55.4 |      19 |      11 |  36.7
        D:6 |     795 |      12 |   1.5 |      10 |       6 |  37.5
        D:7 |     955 |       0 |   0.0 |      13 |       0 |   0.0
            +---------+---------+-------+---------+---------+-------
